 Dungeon Crawl Stone Soup version 0.17-a0-1093-g0b3cd89 (webtiles) character file.

55 Lugonue the Poker (level 3, 0/31 HPs)
             Began as a Centaur Fighter on May 20, 2015.
             Slain by an orc wizard
             ... wielding a +1 dagger of freezing
              (3 damage)
             ... on level 3 of the Dungeon.
             The game lasted 00:02:37 (1800 turns).

Lugonue the Poker (Centaur Fighter)                 Turns: 1800, Time: 00:02:37

Health: 0/31       AC:  6    Str: 18    XL:     3   Next: 67%
Magic:  3/3        EV:  5    Int:  7    God:
Gold:   96         SH:  8    Dex:  9    Spells: 0 memorised, 2 levels left

rFire  . . .     SeeInvis .     a - +0 trident
rCold  + . .     Clarity  .     k - +0 scale mail (curse)
rNeg   . . .     SustAb   .     c - +0 shield
rPois  .         Gourm    .     (no helmet)
rElec  .         Spirit   .     (no cloak)
rCorr  .         Warding  .     (no gloves)
rMut   .         Stasis   .     (no barding)
MR     .....                    (no amulet)
Stlth  ..........               (no ring)
                                m - ring of protection from cold

@: very quick, not resistant to hostile enchantments, extremely unstealthy
A: hooves 3, deformed body, speed 2, tough skin 3
a: no special abilities


You were on level 3 of the Dungeon.
You were full.

You visited 1 branch of the dungeon, and saw 3 of its levels.

You collected 96 gold pieces.

Inventory:

Hand weapons
 a - a +0 trident (weapon)
Armour
 c - a +0 shield (worn)
 k - a cursed +0 scale mail (worn)
Jewellery
 m - a ring of protection from cold (left hand)
Scrolls
 f - 2 scrolls of fear {unknown}
 h - a scroll of enchant armour {unknown}
 i - a scroll of fog {unknown}
 j - a scroll of blinking {unknown}
 n - a scroll of immolation {unknown}
 p - a scroll of recharging {unknown}
 q - a scroll of identify {unknown}
Potions
 b - a potion of brilliance {unknown}
 d - a potion of might
 g - a potion of heal wounds {unknown}
 l - a potion of flight {unknown}
Comestibles
 e - a bread ration


   Skills:
 - Level 3.0 Fighting
 * Level 3.7 Polearms
 - Level 2.1 Armour
 - Level 2.1 Shields


You had 2 spell levels left.
You didn't know any spells.

Dungeon Overview and Level Annotations

Branches:
Dungeon (3/15)

Altars:
Ashenzari
Dithmenos
Elyvilon
Qazlal
Ru
Zin


Innate Abilities, Weirdness & Mutations

You have hooves in place of feet.
Armour fits poorly on your strangely shaped body.
You cover ground very quickly.
You have extremely tough skin (AC +3).


Message History

You are too injured to fight recklessly!
You are too injured to fight recklessly!
You are too injured to fight recklessly!
You are too injured to fight recklessly!
You are too injured to fight recklessly!
You are too injured to fight recklessly!
The orc wizard casts a spell at you.
You are confused.
You bump into the rock wall.
You bump into the rock wall.
The orc wizard barely misses you.
There is a stone staircase leading up here.
Attack whom?
Press: ? - help, Dir - move target cursor, f/p - orc wizard
Aim: an orc wizard, wielding a dagger of freezing and wearing a robe (heavily wounded)
You swing wildly.
The orc wizard hits you with a dagger of freezing.
* * * LOW HITPOINT WARNING * * *
You feel less confused.
The orc wizard hits you with a dagger of freezing.
You die...

............#...........###....
........K..##.............###..
......ow.$................# #..
..$..#.######........#....# #..
#o######........#....# #..
#..##................# ##.
##..#.##........#....# #)
##.#...o<......#....# #<
#.#..##@...........# #.
#...##......##.....# #.
##..........##.....## #.
#...........##...#..####
#...........####.....#
########....# #.....# #....#
###..## ###### ####


You could see an orc wizard.

Vanquished Creatures
  2 adders (D:2)
  A gnoll (D:2)
  An ooze (D:2)
  A worm (D:2)
  2 goblins
  3 hobgoblins
  A quokka (D:2)
  2 bats (D:2)
  3 giant cockroaches
  A giant gecko (D:2)
  A jackal (D:2)
  2 kobolds (D:2)
  A rat (D:2)
21 creatures vanquished.

Notes
Turn   | Place    | Note
--------------------------------------------------------------
     0 | D:1      | Lugonue the Centaur Fighter began the quest for the Orb.
     0 | D:1      | Reached XP level 1. HP: 19/19 MP: 1/1
   783 | D:2      | Found a sacrificial altar of Ru.
   798 | D:2      | Reached XP level 2. HP: 26/26 MP: 2/2
   816 | D:2      | Found a stormy altar of Qazlal.
   817 | D:2      | Found a glowing silver altar of Zin.
   818 | D:2      | Found a white marble altar of Elyvilon.
   820 | D:2      | Found a shattered altar of Ashenzari.
   821 | D:2      | Found a shadowy altar of Dithmenos.
   858 | D:2      | Reached XP level 3. HP: 26/31 MP: 3/3
  1800 | D:3      | Slain by an orc wizard

Vault maps used:
D:1:      minmay_arrival_hallway, minmay_misc_feat_rows
D:2:      grunt_temple_overflow_open, nicolae_ru_awakened_eye

Action                   || total
-------------------------++-------
Melee: Trident           ||   112
  Eat: Bread ration      ||     1
       Pizza             ||     1
